 Dungeon Sprint DCSS version 0.28.0-43-g3370ac3207 (webtiles) character file.

Game seed: 13850291531495813165

10 boopmooplesden the Slasher (level 2, -4/28 HPs)
             Began as a Minotaur Berserker on Mar 11, 2022.
             Was a Believer of Trog.
             Slain by a water moccasin (6 damage)
             ... in the Dungeon (Sprint II: "The Violet Keep of Menkaure").
             The game lasted 00:00:08 (20 turns).

boopmooplesden the Slasher (Minotaur Berserker)       Turns: 20, Time: 00:00:11

Health: -4/28      AC:  2    Str: 21    XL:     2   Next: 10%
Magic:  1/1        EV: 12    Int:  4    God:    Trog [**....]
Gold:   243        SH:  0    Dex:  9    Spells: 1/1 levels left

rFire   . . .      SeeInvis .   a - +0 falchion
rCold   . . .      Faith    .   (no shield)
rNeg    . . .      Spirit   .   b - +0 animal skin
rPois   .          Reflect  .   (helmet restricted)
rElec   .          Harm     .   (no cloak)
rCorr   .          Rampage  .   (no gloves)
Will    .....      NoTele   +   (no boots)
Stlth   +.........              (no amulet)
HPRegen 0.09/turn               (no ring)
MPRegen 0.07/turn               (no ring)

@: lethally poisoned (-4 -> -9), on berserk cooldown, slowed, very slow
A: horns 2, retaliatory headbutt
a: Renounce Religion, Berserk, Trog's Hand


You were in the Dungeon.
You worshipped Trog.
Trog was pleased with you.
You visited 1 branch You collected 243 gold pieces.

Inventory:

Hand Weapons
 a - a +0 falchion (weapon)
Armour
 b - a +0 animal skin (worn)
Scrolls
 h - a scroll of blinking
Potions
 c - a potion of curing
 d - a potion of heal wounds
 e - a potion of haste
 f - 2 potions of magic
 g - a potion of berserk rage


   Skills:
 + Level 4.8 Fighting
 + Level 4.9 Long Blades
 + Level 2.9 Armour
 + Level 2.6 Dodging


You had one spell level left.
You didn't know any spells.
Your spell library was empty.

Dungeon Overview and Level Annotations

Branches:
Dungeon (1/1)

Altars:


Innate Abilities, Weirdness & Mutations

You have a pair of horns on your head.
You reflexively headbutt those who attack you in melee.


Message History

You feel a strong urge to attack something.
You now have 243 gold pieces.
You see here a worm corpse.
You are no longer berserk.
You are exhausted.
You feel yourself slow down.
You open the door.
A worm and a water moccasin come into view.
There is an open door here.
The water moccasin hisses angrily.
You slash the worm! You headbutt the worm! You punch the worm.
The worm is almost dead.
The worm bites you.
You slash the worm!
You kill the worm!
Trog accepts your kill.
You can now call upon Trog for regeneration and willpower.
You have reached level 2!
The water moccasin bites you!
You barely miss the water moccasin.
The water moccasin is heavily wounded.
The water moccasin bites you! The water moccasin misses you.
The water moccasin barely misses you. You furiously retaliate!
You headbutt the water moccasin. You barely miss the water moccasin.
Your headbutt misses the water moccasin.
The water moccasin is almost dead.
The water moccasin bites you.
* * * LOW HITPOINT WARNING * * *
The water moccasin bites you.
* * * LOW HITPOINT WARNING * * *
You are lethally poisoned!
The water moccasin poisons you!
You miss the water moccasin.
Your headbutt misses the water moccasin.
The water moccasin is almost dead.
* * * LOW HITPOINT WARNING * * *
You feel very sick. The water moccasin bites you.
You die...

## .# ## .##
#+# #.##..#
##.####@#..#
+.<.'†##S..#
##.##...#..§§#
#+###.##..§§..≈
### ≈...§§≈
≈≈§≈.§≈ ≈§≈≈≈.≈
≈≈≈§§≈≈ §≈§§§≈≈


You could see a water moccasin.

Vanquished Creatures
  3 worms (D)
3 creatures vanquished.

Notes
Turn   | Place    | Note
-------+----------+-------------------------------------------
     0 | D        | boopmooplesden the Minotaur Berserker began the quest for
                  | the Orb.
     0 | D        | Reached XP level 1. HP: 19/19 MP: 0/0
    14 | D        | Noticed a water moccasin
    16 | D        | Reached ** piety under Trog
    17 | D        | Reached XP level 2. HP: 26/28 MP: 1/1
    20 | D        | Slain by a water moccasin

Illustrated notes

Levels and vault maps discovered:
D:        the_violet_keep_of_menkaure [sprint2_stairs_cluster_1,
          sprint2_shoproom, sprint2_temple, sprint2_basic_supplies,
          sprint2_obstacle_5, sprint2_obstacle_7, sprint2_obstacle_4,
          sprint2_obstacle_1, sprint2_obstacle_2, sprint2_timed_cluster_1,
          sprint2_smallroom_cluster_1, sprint2_smallroom_final_cluster_1,
          sprint2_transparent_cluster_1, sprint2_second_timed_cluster_1,
          sprint2_sniper_area_1, sprint2_heavy_combat_area_1,
          sprint2_mutation_trap_area_1, sprint2_forest_area_1,
          sprint2_light_combat_area_1, sprint2_behind_water_1,
          sprint2_near_end_vault_1]

Skill      XL: |  1 |
---------------+----+-----
Fighting       | 4 |  4.8
Long Blades    | 4 |  4.9
Armour         | |  2.9
Dodging        | |  2.6

Action                   || total
-------------------------++-------
Melee: Falchion          ||     8
       Headbutt          ||     1
       Punch             ||     1
Invok: Berserk           ||     1
Dodge: Dodged            ||     4
